 Dungeon Crawl Stone Soup version 0.30-a0-737-gf23d94013f (webtiles) character file.

Game seed: 12025332270876437001

9 kae the Covered (level 2, 0/27 HPs)
             Began as a Minotaur Fighter on Feb 1, 2023.
             Slain by a gnoll
             ... wielding a +0 spear
              (3 damage)
             ... on level 1 of the Dungeon.
             The game lasted 00:00:26 (153 turns).

kae the Covered (Minotaur Fighter)                   Turns: 153, Time: 00:00:26

Health: 0/27       AC:  7    Str: 20    XL:     2   Next: 6%
Magic:  1/1        EV:  9    Int:  5    God:
Gold:   11         SH:  4    Dex:  9    Spells: 1/1 levels left

rFire   . . .      SeeInvis .    a - +0 long sword
rCold   . . .      Faith    .    c - +0 buckler
rNeg    . . .      Spirit   .    b - +0 scale mail
rPois   .          Reflect  .    (helmet restricted)
rElec   .          Harm     .    (no cloak)
rCorr   .          Rampage  .    (no gloves)
Will    .....                    (no boots) Stlth
                                 (no amulet)
HPRegen 0.24/turn                (no ring)
MPRegen 0.07/turn                (no ring)

@: no status effects
A: horns 2, retaliatory headbutt
a: no special abilities


You were on level 1 of the Dungeon.
You visited 1 branch of the dungeon, and saw 1 of its levels.

You collected 11 gold pieces.


Innate Abilities, Weirdness & Mutations

You have a pair of horns on your head.
You reflexively headbutt those who attack you in melee.


   Skills:
 + Level 3.8 Fighting
 * Level 3.0 Long Blades
 + Level 3.8 Armour
 - Level 3.6 Shields


You had one spell level left.
You didn't know any spells.
Your spell library was empty.

Inventory:

Hand Weapons
 a - a +0 long sword (weapon)
Armour
 b - a +0 scale mail (worn)
 c - a +0 buckler (worn)
Potions
 d - a potion of might
 e - a potion of flight {unknown}

Dungeon Overview and Level Annotations

Branches:
Dungeon (1/15) Zot: 5840

Altars:

######### .........
#######........
###.....†gK......
....###..@####.##
##........†....?..
....[.......!..##
#.#####.#####....
#.##......# ..#
#.....†.#.# .# #
###.#####.# #
###.###.#.....###.
#...^..>............


You could see a gnoll and a kobold.


Message History

No target in view!
No target in view!
Found a stone staircase leading down.
There is a stone staircase leading down here.
A bat comes into view.
You block the bat's attack.
You closely miss the bat. The bat hits you but does no damage.
The bat hits you. 😕 HP[-1]
You take 1 damage, and now have 19/20 hp.
The bat barely misses you. You furiously retaliate!
You headbutt the bat!
You kill the bat!
No target in view!
A kobold comes into view. It is wielding a +0 whip.
The kobold shouts!
A gnoll comes into view. It is wielding a +0 spear. 😎 HP[+1]
Your hp is fully restored (20).
A giant cockroach comes into view.
There are monsters nearby!
The gnoll closely misses you.
You hit the gnoll.
A bat comes into view.
The kobold closely misses you. The gnoll hits you but does no damage.
The kobold hits you but does no damage. You block the gnoll's attack.
There are monsters nearby!
You hit the gnoll. The kobold hits you with a +0 whip.
The gnoll completely misses you.
You closely miss the gnoll. You block the giant cockroach's attack.
The bat hits you but does no damage. You block the kobold's attack.
The gnoll barely misses you. The giant cockroach closely misses you.
There are monsters nearby!
There are monsters nearby!
You hit the gnoll. The bat barely misses you.
The kobold hits you with a +0 whip.
The giant cockroach bites you but does no damage.
The gnoll closely misses you.
You hit the gnoll but do no damage. The bat hits you but does no damage.
The giant cockroach misses you. The kobold closely misses you.
The gnoll hits you with a +0 spear. The giant cockroach barely misses you.
You furiously retaliate!
You headbutt the giant cockroach, but do no damage.
The bat hits you but does no damage. You block the kobold's attack.
The gnoll barely misses you.
You hit the gnoll. You block the bat's attack.
The giant cockroach barely misses you. You furiously retaliate!
You headbutt the giant cockroach!
You kill the giant cockroach!
The kobold hits you but does no damage. The gnoll hits you with a +0 spear.
Your Long Blades skill increases to level 3!
You have reached level 2! 😮 HP[-1] MP[+1]
You now have 27 max hp (+7).
Your mp is fully restored (1).
You barely miss the gnoll. The bat hits you but does no damage.
The kobold hits you but does no damage.
The gnoll hits you with a +0 spear. 😮 HP[-4]
You take 4 damage, and now have 15/27 hp.
Unknown command.
You barely miss the gnoll. The bat hits you. You block the kobold's attack.
The gnoll hits you with a +0 spear. 😮 HP[-1]
You take 1 damage, and now have 14/27 hp.
Unknown command.
You barely miss the gnoll. Your headbutt misses the gnoll.
The bat hits you but does no damage. The kobold hits you but does no damage.
The gnoll closely misses you. The kobold hits you but does no damage.
The gnoll hits you but does no damage.
Unknown command.
You hit the gnoll. The bat hits you but does no damage.
You block the bat's attack. The kobold closely misses you.
You furiously retaliate!
You headbutt the kobold. The gnoll hits you with a +0 spear.
* * * LOW HITPOINT WARNING * * *
😨 HP[-2]
You take 2 damage, and now have 12/27 hp.
Unknown command.
You closely miss the gnoll. Your headbutt misses the gnoll.
The bat hits you but does no damage. x2; You block the kobold's attack.
The gnoll hits you with a +0 spear!
* * * LOW HITPOINT WARNING * * *
😱 HP[-7]
You take 7 damage, and now have 5/27 hp.
MASSIVE DAMAGE!! (PAUSE)
You barely miss the gnoll. The bat barely misses you. You furiously retaliate!
You headbutt the bat!
You kill the bat!
The kobold hits you with a +0 whip.
* * * LOW HITPOINT WARNING * * *
You block the gnoll's attack.
Unknown command.
You closely miss the gnoll. Your headbutt misses the gnoll.
The kobold hits you but does no damage. The gnoll closely misses you.
You block the kobold's attack. The gnoll hits you with a +0 spear.
* * * LOW HITPOINT WARNING * * *
😱 HP[-2]
You take 2 damage, and now have 3/27 hp.
Unknown command.
You barely miss the gnoll. The kobold hits you but does no damage.
The gnoll hits you with a +0 spear.
You die...

Skill      XL: |  1 |
---------------+----+-----
Long Blades    | 3 |  3.0
Fighting       | |  3.8
Armour         | |  3.8
Shields        | |  3.6

Action                     || total
---------------------------++-------
  Melee: Long sword        ||    20
         Headbutt          ||     1
 Armour: Scale mail        ||    21
  Dodge: Dodged            ||    21
  Block: Buckler           ||    14

Levels and vault maps discovered:
D:1:      dpeg_arrival_simpleton_b, layout_basic

Notes
Turn   | Place    | Note
-------+----------+-------------------------------------------
     0 | D:1      | kae the Minotaur Fighter began the quest for the Orb.
     0 | D:1      | Reached XP level 1. HP: 19/19 MP: 0/0
     0 | D:1      | magus.rc [v1.11.3]
   146 | D:1      | Reached skill level 3 in Long Blades
   146 | D:1      | Reached XP level 2. HP: 19/27 MP: 1/1
   150 | D:1      | HP: 5/27 [gnoll/+0 spear (7)]
   153 | D:1      | Slain by a gnoll

Vanquished Creatures
  A dart slug (D:1)
  4 bats (D:1)
  A giant cockroach (D:1)
  A rat (D:1)
7 creatures vanquished.

Table legend:
 A = Non-vault XP
 B = Vault XP
 C = Vault XP percentage of total XP
 D = Non-vault monster count
 E = Vault monster count
 F = Vault count percentage of total count
                 A         B        C        D         E       F
            +---------+---------+-------+---------+---------+-------
      Total |      14 |       0 |   0.0 |       7 |       0 |   0.0
            +---------+---------+-------+---------+---------+-------
        D:1 |      14 |       0 |   0.0 |       7 |       0 |   0.0
            +---------+---------+-------+---------+---------+-------

Illustrated notes

Table legend:
 A = Kills in this place as a percentage of kills in entire the game.
 B = Kills by you in this place as a percentage of kills by you in the entire game.
 C = Kills by friends in this place as a percentage of kills by friends in the entire game.
 D = Other kills in this place as a percentage of other kills in the entire game.
 E = Experience gained in this place as a percentage of experience gained in the entire game.
 F = Experience gained in this place divided by the number of levels of this place that you have seen.
                   A       B       C       D       E      F
               +-------+-------+-------+-------+-------+----------------------
         Total | 100.0 | 100.0 |   N/A |   N/A | 100.0 |  14.0
       Dungeon | 100.0 | 100.0 |   N/A |   N/A | 100.0 |  14.0
               +-------+-------+-------+-------+-------+----------------------

Table legend: (Time is in decaauts)
 A = Elapsed time spent in this place.
 B = Non-inter-level travel time spent in this place.
 C = Inter-level travel time spent in this place.
 D = Time resting spent in this place.
 E = Time spent auto-exploring this place.
 F = Levels seen in this place.
 G = Mean time per level.
                   A        B        C        D        E       F      G
               +--------+--------+--------+--------+--------+-----+--------+
         Total |    158 |    158 |      0 |      0 |    112 |   1 |  158.0 |
       Dungeon |    158 |    158 |      0 |      0 |    112 |   1 |  158.0 |
               +--------+--------+--------+--------+--------+-----+--------+

Top non-repeatable levels by time:
     D:1: 158 daAuts
